 Dungeon Crawl Stone Soup version 0.17.0-28-g6e173f8 (console) character file.

4025 Kloppie the Transmogrifier (level 10, -2/78 HPs)
             Began as a Purple Draconian Transmuter on Nov 24, 2015.
             Was an Elder of Cheibriados.
             Impaled on a porcupine's spines (15 damage)
             ... on level 8 of the Dungeon.
             The game lasted 00:18:16 (8666 turns).

Kloppie the Transmogrifier (DrTm)                   Turns: 8666, Time: 00:18:17

Health: -2/78      AC:  2    Str: 23    XL:     10   Next: 4%
Magic:  10/13      EV: 37    Int: 23    God:    Cheibriados [****..]
Gold:   505        SH:  0    Dex: 30    Spells: 4 memorised, 0 levels left

rFire  . . .     SeeInvis .       - Unarmed
rCold  . . .     Clarity  .     (armour unavailable)
rNeg   + . .     SustAt   .     (shield currently unavailable)
rPois  x         Gourm    .     (helmet currently unavailable)
rElec  .         Spirit   .     (cloak currently unavailable)
rCorr  .         Warding  .     (gloves currently unavailable)
rMut   .         Stasis   .     (boots currently unavailable)
MR     +....                    (no amulet)
Stlth  ++........               o - ring of positive energy
                                t - +5 ring of evasion

@: spider-form, very slow, somewhat resistant to hostile enchantments,
unstealthy
A: (breathe power), unfitting armour, (cold-blooded), AC +7
a: End Transformation, Bend Time, Temporal Distortion, Slouch, Renounce Religion


You were on level 8 of the Dungeon.
You worshipped Cheibriados.
Cheibriados was greatly pleased with you.
You were not hungry.
You were a venomous arachnid creature.
You visited 2 branches of the dungeon, and saw 9 of its levels.

You collected 505 gold pieces.

Inventory:

Missiles
 a - 178 arrows
Jewellery
 h - an uncursed ring of see invisible
 o - a ring of positive energy (right front leg)
 t - a +5 ring of evasion (left front leg)
 u - a +3 ring of strength
Wands
 s - a wand of lightning (3)
 w - a wand of digging (10)
Scrolls
 e - 2 scrolls of immolation
 g - 4 scrolls of enchant armour
 i - a scroll of recharging
 j - 6 scrolls of identify
 m - 4 scrolls of remove curse
 q - a scroll of noise
 r - a scroll of magic mapping
 v - a scroll of amnesia
 x - 2 scrolls of teleportation
Potions
 d - 2 potions of brilliance
 f - 5 potions of curing
 k - 2 potions of heal wounds
 l - a potion of mutation
 n - a potion of might
 A - 2 potions of magic
 C - a potion of flight
Books
 b - a book of Changes

   Spells                             Type                      Level
   a - Beastly Appendage              Transmutation                1
   b - Sticks to Snakes               Transmutation                2
   c - Spider Form                    Transmutation/Poison         3
   d - Ice Form                       Ice/Transmutation            4
   e - Blade Hands                    Transmutation                5
Comestibles
 c - 4 bread rations
 p - 2 meat rations
 z - a beef jerky


   Skills:
 - Level 3.9 Fighting
 + Level 7.9 Dodging
 - Level 7.3 Unarmed Combat
 - Level 2.4 Spellcasting
 + Level 9.4 Transmutations


You couldn't memorise any spells.
You knew the following spells:

 Your Spells              Type           Power        Failure   Level  Hunger
a - Beastly Appendage     Trmt           #####.       2%          1    None
b - Spider Form           Trmt/Pois      ###.......   21%         3    ###....
c - Ice Form              Ice/Trmt       ###.....     41%         4    ####...
d - Blade Hands           Trmt           #####.....   24%         5    ######.


Dungeon Overview and Level Annotations

Branches:
Dungeon (8/15)             Temple (1/1) D:5
   Lair: D:8-11

Altars:
Ashenzari
Cheibriados
Dithmenos
Elyvilon
Fedhas
Gozag
Kikubaaqudgha
Makhleb
Nemelex Xobeh
Okawaru
Qazlal
Ru
Sif Muna
Trog
Vehumet
Xom
Yredelemnul
Zin
The Shining One

Shops:
D:5 *   D:6 }!!%:   D:7 ?

Annotations:
D:3 Grinder
D:7 exclusion: killer bee
D:8 Erolcha


Innate Abilities, Weirdness & Mutations

((You can breathe bolts of dispelling energy.))
((Your rich purple scales are hard (AC +7).))
Your body does not fit into most forms of armour.
((You are cold-blooded and may be slowed by cold attacks.))


Message History

The crocodile is severely wounded.
The centaur closely misses you. The crocodile bites you!
* * * LOW HITPOINT WARNING * * *
Casting: Beastly Appendage
Confirm with . or Enter, or press ? or * to list all spells.
Your talons disappear.
You turn into a venomous arachnid creature.
The centaur hits you but does no damage.
The centaur closely misses you. The crocodile completely misses you.
You bite the crocodile!
You kill the crocodile!
Cheibriados appreciates the change of pace.
The centaur misses you.
You are struck by the porcupine's spines.
* * * LOW HITPOINT WARNING * * *
You bite the porcupine!
The porcupine is poisoned.
The porcupine is heavily wounded.
The centaur misses you. The porcupine completely misses you.
You are struck by the porcupine's spines.
You die...

.....(# #... .....#
#... r ..$.# ##.... .r
#..... ... ##.....
.... ###### ##......
.... ##....####.......
#..###......##^.......
#..rs...............(
##c####.....####...#.
#.. ##....# ##...#
#..# ##...# ##... #..
##### ##.. ..# ##. #.#
## ## #


You could see a centaur and a porcupine.

Vanquished Creatures
  A wyvern (D:5)
  A hungry ghost (D:8)
  2 orc warriors
  2 ice beasts
  5 sky beasts
  6 ogres
  3 phantoms
  2 crocodiles (D:8)
  2 centaurs
  A big kobold (D:7)
  5 giant frogs
  A scorpion (D:7)
  3 killer bees (D:7)
  7 wights (D:7)
  2 crimson imps (D:5)
  6 hounds
  A giant frog zombie (D:7)
  4 jellies
  3 iguanas
  3 orc wizards
  2 giant frog skeletons
  Terence (D:2)
  Natasha (D:2)
  2 worker ants
  A killer bee zombie (D:8)
  A hound zombie (D:6)
  2 hound skeletons
  2 worker ant zombies
  6 adders
  4 gnolls (D:7)
  4 shadow imps
  An ooze (D:3)
  2 adder skeletons
  A worm (D:2)
  6 giant geckos
  15 orcs
  4 giant cockroaches
  4 hobgoblins
  18 jackals
  9 kobolds
  7 quokkas
  A ball python zombie (D:5)
  7 bats
  A giant gecko skeleton (D:7)
  A giant gecko zombie (D:5)
  8 giant newts
  9 goblins
  A goblin zombie (D:5)
  A quokka skeleton (D:4)
  A quokka zombie (D:5)
  10 rats
  A bush (D:6)
194 creatures vanquished.

Vanquished Creatures (others)
  A quokka (D:2)
  A bush (D:8)
  4 fungi (D:8)
  8 plants (D:8)
14 creatures vanquished.

Grand Total: 208 creatures vanquished

Notes
Turn   | Place    | Note
--------------------------------------------------------------
     0 | D:1      | Kloppie the Draconian Transmuter began the quest for the Orb.
     0 | D:1      | Reached XP level 1. HP: 16/16 MP: 3/3
   414 | D:1      | Reached XP level 2. HP: 18/23 MP: 5/5
   899 | D:2      | Noticed Terence
   948 | D:2      | HP: 1/24 [kobold/stone (3)]
  1302 | D:2      | Found a burning altar of Makhleb.
  1457 | D:2      | Found a white marble altar of Elyvilon.
  1495 | D:2      | Reached XP level 3. HP: 29/29 MP: 6/6
  1854 | D:2      | Noticed Natasha
  1868 | D:2      | Killed Natasha
  1868 | D:2      | Reached XP level 4. HP: 11/37 MP: 5/7
  2117 | D:2      | Killed Terence
  2333 | D:3      | Reached skill level 4 in Unarmed Combat
  2502 | D:3      | Reached XP level 5. HP: 41/45 MP: 8/8
  3064 | D:3      | Noticed a sky beast
  3082 | D:3      | Killed a sky beast
  3143 | D:3      | Learned a level 3 spell: Spider Form
  3148 | D:3      | Learned a level 4 spell: Ice Form
  3155 | D:3      | Noticed Grinder
  3206 | D:4      | Reached XP level 6. HP: 46/52 MP: 7/9
  3819 | D:5      | Entered Level 5 of the Dungeon
  3830 | D:5      | Reached skill level 5 in Unarmed Combat
  3875 | D:5      | Found a staircase to the Ecumenical Temple.
  3902 | Temple   | Entered the Ecumenical Temple
  4124 | Temple   | Became a worshipper of Cheibriados the Contemplative
  4264 | D:5      | Your scales start taking on a rich purple colour.
  4264 | D:5      | Reached XP level 7. HP: 54/58 MP: 10/10
  4427 | D:5      | Found Vaitzu's Assorted Antiques.
  4492 | D:5      | Reached skill level 6 in Unarmed Combat
  4529 | D:5      | Noticed a wyvern
  4536 | D:5      | Killed a wyvern
  4560 | D:5      | Reached * piety under Cheibriados
  4575 | D:5      | Found a stormy altar of Qazlal.
  4591 | D:5      | Reached skill level 5 in Transmutations
  4995 | D:5      | Reached XP level 8. HP: 53/66 MP: 7/11
  5037 | D:5      | Reached skill level 7 in Unarmed Combat
  5277 | D:6      | Found Dudetzy's Book Emporium.
  5361 | D:6      | Found Moynich's Food Shoppe.
  5475 | D:6      | Found a basalt altar of Yredelemnul.
  5477 | D:6      | Found a white marble altar of Elyvilon.
  5479 | D:6      | Found an opulent altar of Gozag.
  5548 | D:6      | Found Tinarisa's Distillery.
  5552 | D:6      | Found Luykocia's Distillery.
  5602 | D:6      | Found Micso's Gadget Shop.
  5619 | D:6      | Reached ** piety under Cheibriados
  5786 | D:6      | Found a blossoming altar of Fedhas.
  6096 | D:6      | Reached skill level 5 in Dodging
  6318 | D:7      | Found Lyngul's Magic Scroll Boutique.
  6347 | D:7      | Reached XP level 9. HP: 68/71 MP: 12/12
  6374 | D:7      | Reached *** piety under Cheibriados
  6967 | D:7      | Reached skill level 8 in Transmutations
  7376 | D:7      | Found a glowing golden altar of the Shining One.
  7545 | D:7      | Reached **** piety under Cheibriados
  7764 | D:8      | Noticed Erolcha
  8065 | D:8      | Reached skill level 9 in Transmutations
  8207 | D:8      | Found an iron altar of Okawaru.
  8619 | D:8      | Reached XP level 10. HP: 76/78 MP: 11/13
  8626 | D:8      | Learned a level 5 spell: Blade Hands
  8666 | D:8      | Impaled on a porcupine's spines

Action                   |  1- 3 |  4- 6 |  7- 9 | 10-12 || total
-------------------------+-------+-------+-------+-------++-------
Melee: Unarmed           |   118 |   252 |   492 |    25 ||   887
 Cast: Beastly Appendage |     3 |     9 |    16 |     1 ||    29
       Spider Form       |       |       |     5 |     1 ||     6
  Use: Scroll            |       |    13 |     5 |       ||    18
 Stab: Sleeping          |     1 |     1 |     8 |       ||    10
  Eat: Chunk             |     3 |     4 |     8 |       ||    15
       Bread ration      |       |     1 |       |       ||     1
       Beef jerky        |       |       |       |     1 ||     1
